 Dungeon Crawl Stone Soup version 0.32-a0-643-ga006e7742e (webtiles) character file.

Game seed: 4969878401941656497

136320 gimp the Severer (level 17, -7/156 HPs)
             Began as a Ghoul Gladiator on Mar 8, 2024.
             Was the Champion of Makhleb.
             Mangled by a fire giant
             ... wielding a +1 great sword of flaming
              (23 damage)
             ... on level 15 of the Dungeon.
             The game lasted 01:03:59 (29691 turns).

gimp the Severer (Ghoul Gladiator)                 Turns: 29691, Time: 01:04:00

Health: -7/156     AC: 18    Str: 24    XL:     17   Next: 21%
Magic:  0/25       EV: 17    Int:  7    God:    Makhleb [******]
Gold:   1598       SH:  6    Dex: 12    Spells: 16/16 levels left

rFire   . . .        b - +0 broad axe (flame)
rCold   + + .        N - +0 buckler {rC+}
rNeg    + + +        p - +1 acid dragon scales
rPois   ∞            c - +0 helmet
rElec   .            T - +1 cloak
rCorr   +            u - +1 Delatra's gloves {ID++}
SInv    .            P - +0 pair of boots
Will    +....        s - amulet of guardian spirit
Stlth   +            o - +5 ring of evasion
HPRegen 0.00/turn    r - ring of flight
MPRegen 0.19/turn

%: guardian spirit
@: on fire, about to teleport, flying, inhibited regen, glowing
A: claws 1, cold resistance 1, negative energy resistance 3, inhibited
regeneration, torment resistance 2, devour on kill
a: Renounce Religion, Minor Destruction, Lesser Servant of Makhleb, Major
Destruction, Greater Servant of Makhleb


You were on level 15 of the Dungeon.
You worshipped Makhleb.
Makhleb was exalted by your worship.
You visited 3 branches of the dungeon, and saw 22 of its levels.
You also visited: Ice Cave.

You collected 2383 gold pieces.
You spent 785 gold pieces at shops.

Inventory:

Hand Weapons
 a - a +1 spectral war axe
 b - a +0 broad axe of flaming (weapon)
Missiles
 e - a javelin
 F - a throwing net
Armour
 c - a +0 helmet (worn)
 l - a +0 kite shield
 n - the +3 Mad Mage's Maulers {Infuse+∞ VampMP -Cast}
   (You found it on level 15 of the Dungeon)

   Infuse+∞: It empowers its wearer's blows with all of their magic.
   VampMP:    Blows struck in melee replenish the wearer's magic.
   -Cast:     It prevents spellcasting.
 p - +1 acid dragon scales (worn)
 u - the +1 Delatra's gloves (worn) {ID++}
   (You found it on level 6 of the Dungeon)

   ID++:      It heals its wearer when they drink unknown potions, and restores
   their MP when they read unknown scrolls.
 H - a +0 plate armour of cold resistance
 N - a +0 buckler of cold resistance (worn)
 P - a +0 pair of boots (worn)
 T - a +1 cloak (worn)
Jewellery
 o - a +5 ring of evasion (left hand)
 q - a ring of willpower
 r - a ring of flight (right hand)
 s - an amulet of guardian spirit (around neck)
 E - a +5 ring of evasion
 J - the ring "Debetuin" {+Blink rC+ MP+9 Str-2 Dex+3}
   (You found it in an ice cave)

   [ring of magical power]

   Str-2:     It affects your strength (-2).
   Dex+3:     It affects your dexterity (+3).
   rC+:       It protects you from cold.
   MP+9:      It affects your magic capacity (+9).
   +Blink:    It lets you blink.
 M - a ring of protection from cold
 O - a +6 ring of strength
Wands
 t - a wand of charming (24)
 x - a wand of flame (52)
 z - a wand of warping (11)
 S - a wand of mindburst (1)
Scrolls
 d - 2 scrolls of revelation
 g - a scroll of silence
 i - a scroll of enchant armour
 j - 2 scrolls of fog
 v - 2 scrolls of poison
 w - 3 scrolls of teleportation
 y - 8 scrolls of immolation
 B - 2 scrolls of enchant weapon
 K - 2 scrolls of vulnerability
 Q - 2 scrolls of brand weapon
 R - a scroll of identify
Potions
 f - 2 potions of magic
 h - a potion of curing
 k - a potion of attraction
 m - 2 potions of brilliance
 A - 4 potions of ambrosia
 C - a potion of cancellation
 G - 4 potions of enlightenment
 L - 2 potions of might
Miscellaneous
 D - a phial of floods (inert)
 I - a phantom mirror (inert)


   Skills:
 - Level 15.0 Fighting
 - Level 18.0 Axes
 - Level 1.7 Throwing
 + Level 12.6 Armour
 - Level 2.6 Dodging
 + Level 9.4 Shields
 - Level 11.0 Invocations
 + Level 2.4 Evocations


You had 16 spell levels left.
You didn't know any spells.
Your spell library contained the following spells:

 Spells                   Type           Power      Damage    Failure   Level
 Magic Dart               Conj           0%         1d3       54%         1
 Sandblast                Erth           0%         2d4       54%         1
 Shock                    Conj/Air       0%         1d3       54%         1
 Sting                    Conj/Alch      0%         1d3       54%         1
 Cigotuvi's Dreadful Rot  Necr/Alch/Air  0%         N/A       67%         2
 Ensorcelled Hibernation  Hex/Ice        0%         N/A       67%         2
 Jinxbite                 Hex            0%         N/A       67%         2
 Searing Ray              Conj           0%         2d4       67%         2
 Static Discharge         Conj/Air       0%         3-3/arc   67%         2
 Fugue of the Fallen      Necr           0%         N/A       88%         3
 Hailstorm                Conj/Ice       0%         3d5       88%         3
 Passwall                 Erth           0%         N/A       88%         3
 Stone Arrow              Conj/Erth      0%         3d7       88%         3
 Swiftness                Air            0%         N/A       88%         3
 Airstrike                Air            0%         2d(0-16)  99%         4
 Anguish                  Hex/Necr       0%         N/A       99%         4
 Animate Armour           Summ/Erth      0%         N/A       99%         4
 Brom's Barrelling Bould  Conj/Erth      0%         2d3       99%         4
 Fulminant Prism          Conj/Alch      0%         3d5       99%         4
 Ignite Poison            Fire/Alch      0%         N/A       99%         4
 Petrify                  Alch/Erth      0%         N/A       99%         4
 Summon Lightning Spire   Summ/Air       0%         N/A       99%         4
 Freezing Cloud           Conj/Ice/Air   0%         6-21      100%        5
 Irradiate                Conj/Alch      0%         3d11      100%        5
 Iskenderun's Battlesphe  Conj           0%         2d6       100%        5
 Lee's Rapid Deconstruct  Erth           0%         3d4*      100%        5
 Summon Forest            Summ/Tloc      0%         N/A       100%        5
 Yara's Violent Unravell  Hex/Alch       0%         3d3       100%        5
 Bombard                  Conj/Erth      0%         9d1       100%        6
 Eringya's Noxious Bog    Alch           0%         4d6       100%        6
 Enfeeble                 Hex            0%         N/A       100%        7
 Spellforged Servitor     Conj/Summ      0%         N/A       100%        7
 Summon Hydra             Summ           0%         N/A       100%        7
 Sublimation of Blood     Necr           Unusable   N/A       N/A         2

Dungeon Overview and Level Annotations

Branches:
Dungeon (15/15)            Temple (0/1) D:5            Lair (5/5) D:9
  Swamp (0/4) Lair:3       Spider (0/4) Lair:2        Slime (0/5) Lair:5
    Orc (2/2) D:10            Elf (0/3) Orc:2        Vaults (0/5) D:13
 Depths (0/4) D:15          IceCv (visited)

Altars:
Ashenzari
Cheibriados
Dithmenos
Gozag
Hepliaklqana
Makhleb
Nemelex Xobeh
Ru
Uskayaw
Vehumet
Yredelemnul
Beogh

Shops:
D:8 ?=   D:10 *   Orc:1 [   Orc:2 ?=[:

Annotations:
D:15 Nessos


Innate Abilities, Weirdness & Mutations

You are immune to poison.
You have sharp fingernails.
Your flesh is cold resistant. (rC+)
You are immune to negative energy. (rN+++)
You do not regenerate when monsters are visible.
You are immune to unholy pain and torment.
You thrive by killing the living.


Message History

You see here a boulder beetle corpse.
Magic restored.
You now have 1538 gold pieces (gained 24).
Items here: ( )) ††.
You now have 1580 gold pieces (gained 42).
U - a ring of protection from cold You see here a +0 rapier.
MP restored: 25
Things that are here:
a +2 short sword of venom; an elf skeleton
There is a fountain of sparkling water here.
Things that are here:
a +0 short sword; a very ugly thing skeleton
Found an escape hatch in the ceiling.
There is an open door here.
You drop a ring of protection from cold.
You see here a scroll of amnesia.
You now have 1598 gold pieces (gained 18).
w - 4 scrolls of teleportation (gained 1)
A fire giant and a cyan ugly thing come into view.
The fire giant is wielding a +1 great sword of flaming.
Found a plate armour and a scroll of revelation.
The fire giant shouts!
The cyan ugly thing gurgles horribly!
You hear a hideous shriek!
You see here a scroll of torment.
Found 4 large rocks.
Found a scroll of teleportation.
You see here a ring of wizardry.
As you open the door, it creaks loudly!
You hear a shout!
Found a potion of cancellation.
A deep elf pyromancer comes into view.
It is wielding the +9 rapier "Besafoed" {flame, rF- rN+ Int+3} and wearing the amulet of Zuiguph {*Corrode rC+ RegenMP+ Dex+4 Slay+3}.
The deep elf pyromancer shouts!
You hear a bellow!
There is an open door here.
You hit the fire giant but do no damage.
The fire giant hits you with a +1 great sword of flaming!!
The fire giant burns you.
You take 26 damage, and have 130/156 hp.
You now have 21/25 mp.
You barely miss the fire giant. The fire giant misses you.
You hit the fire giant but do no damage.
You hit the fire giant.
The fire giant is lightly wounded.
The fire giant casts a spell at you. The bolt of fire hits you!!
You take 20 damage, and have 110/156 hp.
You now have 18/25 mp.
You hit the fire giant.
The fire giant is lightly wounded.
The fire giant gestures at you while chanting.
The fireball explodes!
The fireball engulfs you!!
The fireball engulfs the fire giant.
The fire giant resists.
A meliai comes into view.
It is wielding a +0 hand axe and wearing a +4 chain mail of ponderousness.
The meliai buzzes angrily.
You hear a shout! x2; You hear a bellow!
You slash the fire giant! You burn the fire giant.
The fire giant is moderately wounded.
A deep elf pyromancer opens the door.
The fire giant hits you with a +1 great sword of flaming!
The fire giant burns you.
You take 29 damage, and have 81/156 hp.
You now have 13/25 mp.
You hit the fire giant.
The fire giant is moderately wounded.
A laughing skull comes into view.
The meliai invokes the aid of its god against you.
Something smites you!
The laughing skull moves out of view.
You take 13 damage, and have 68/156 hp.
You now have 11/25 mp.
The fire giant attacks as it pursues you!
The fire giant hits you with a +1 great sword of flaming!
The fire giant burns you.
There is an open door here.
You take 11 damage, and have 57/156 hp.
You now have 9/25 mp.
As you read the scroll of teleportation, it crumbles to dust.
You feel strangely unstable.
The deep elf pyromancer gestures at you while chanting.
The pyre arrow hits you.
You are covered in intense liquid fire!
The fire giant hits you with a +1 great sword of flaming!!
* * * LOW HITPOINT WARNING * * *
The fire giant burns you!
* * * LOW HITPOINT WARNING * * *
You take 25 damage, and have 32/156 hp.
You now have 4/25 mp.
You feel better. The liquid fire burns you!
* * * LOW HITPOINT WARNING * * *
The fire giant misses you. The cyan ugly thing gores you.
* * * LOW HITPOINT WARNING * * *
The cyan ugly thing shocks you!
* * * LOW HITPOINT WARNING * * *
You take 15 damage, and have 17/156 hp.
You now have 1/25 mp.
Okay, then.
Okay, then.
You feel better. The liquid fire burns you!
* * * LOW HITPOINT WARNING * * *
The fire giant closely misses you. The cyan ugly thing barely misses you.
You take 8 damage, and have 9/156 hp.
You feel better. The liquid fire burns you!
* * * LOW HITPOINT WARNING * * *
The fire giant hits you with a +1 great sword of flaming!!
You die...

#####..#.#.##≈≈§≈≈≈##......#
....#......##.?..§≈##..#...##
...#)#.⌠....#.#...§##.......#
.#..#(.)ß..#=.#...≈##.<.<...##
...#†#...⌠.)#..##.§##..<.....#
....#..)...#'....?≈##.......##
.#÷####.#.###....=§##########
#'## ##'#'#.....##≈# .#.#
?......<..@###≈§ ...#
§.##......C#u# .C[? ...##≈§
#....'#y#e...... ....#≈
#...'#.#z..##.#. .#.##
(?.##.#'...# .. ...# ≈≈≈
##'..... .### ## #.....!.
############ ..##.....
...........# ≈.. #...#.


You could see a fire giant, a cyan ugly thing, a deep elf pyromancer, a laughing
skull and a meliai.

Vanquished Creatures
  A sphinx (D:15)
  A fire giant (D:15)
  A very ugly thing (D:15)
  Azrael (D:13)
  3 fire dragons (D:15)
  2 yaktaur captains (D:15)
  2 catoblepae
  3 hydras
  2 ironbound frosthearts (IceCv)
  8 ogre magi
  8 centaur warriors
  6 boulder beetles
  25 two-headed ogres
  2 tengu warriors (D:15)
  A deep troll shaman (Lair:5)
  19 death yaks
  A hell knight (D:15)
  5 skeletal warriors
  3 skysharks
  Amaemon (D:9)
  An orc knight (D:15)
  A harpy (D:15)
  2 flayed ghosts (D:15)
  A lindwurm (Lair:5)
  4 deep elf pyromancers
  A wolf spider (D:15)
  2 oklob plants (Lair:3)
  12 ugly things
  7 cyclopes
  A necromancer (D:15)
  19 elephants
  10 manticores
  2 black mambas
  2 meliai
  A molten gargoyle (D:12)
  A kobold blastminer (Orc:1)
  An ice statue (IceCv)
  An orange demon (D:9)
  15 cane toads
  2 rime drakes
  9 gargoyles (D:12)
  A cane toad (shapeshifter) (D:15)
  A kobold demonologist (D:12)
  7 komodo dragons
  2 yaktaurs (D:15)
  Maggie (D:8)
  An efreet (D:15)
  A freezing wraith (D:15)
  5 trolls
  A tengu conjurer (D:15)
  3 tyrant leeches (Lair:3)
  11 polar bears
  3 hornets
  A queen bee (Lair:3)
  A polar bear (shapeshifter) (D:15)
  10 blink frogs
  3 dream sheep (Lair:5)
  A shadow (D:11)
  2 jumping spiders (shapeshifter) (D:15)
  6 slime creatures (D:15)
  63 yaks
  3 wraiths
  2 wyverns
  2 vampires (D:12)
  3 fire elementals (D:13)
  11 basilisks
  A death yak simulacrum (Lair:3)
  A vampire mosquito (D:10)
  A naga (shapeshifter) (D:15)
  2 acid dragons
  3 swamp worms (Lair:3)
  A hell hound (D:13)
  16 water moccasins
  6 ice beasts
  4 black bears
  11 orc warriors
  3 laughing skulls
  39 ogres
  4 boggarts
  43 wolves
  10 centaurs
  2 phantoms
  9 bullfrogs
  A scorpion (D:9)
  5 wights (D:8)
  An elephant simulacrum (Lair:3)
  34 killer bees
  4 howler monkeys
  A bombardier beetle (D:6)
  8 electric eels (D:11)
  12 orc priests
  10 hounds
  2 gnoll boudas
  14 jellies
  7 iguanas
  An iguana (shapeshifter) (D:15)
  16 orc wizards
  10 hell rats
  3 wolf simulacra (Lair:3)
  5 adders
  11 gnolls
  A white imp (D:7)
  2 ufetubi (D:7)
  2 ribbon worms
  A dart slug (D:1)
  57 orcs
  7 ball pythons
  10 bats
  8 endoplasms
  2 giant cockroaches
  7 hobgoblins
  6 quokkas
  3 frilled lizards
  13 goblins
  10 kobolds
  3 rats
768 creatures vanquished.

Vanquished Creatures (collateral kills)
  Snorg (Lair:4)
  An ettin (D:15)
  A hydra (Lair:4)
  2 death yaks (Lair:5)
  A black mamba (Lair:4)
  A torpor snail (Lair:5)
  A cane toad (Lair:5)
  A komodo dragon (Lair:4)
  2 fire elementals (D:13)
  A yak (D:5)
  2 wolves (Lair:4)
  A gnoll (D:5)
15 creatures vanquished.

Vanquished Creatures (others)
  3 vampire mosquitoes (D:10)
  A spectral weapon (Orc:1)
4 creatures vanquished.

Grand Total: 787 creatures vanquished

Notes
Turn   | Place    | Note
-------+----------+-------------------------------------------
     0 | D:1      | gimp the Ghoul Gladiator began the quest for the Orb.
     0 | D:1      | Reached XP level 1. HP: 17/17 MP: 1/1
    37 | D:1      | Reached skill level 3 in Axes
    86 | D:1      | Reached XP level 2. HP: 24/24 MP: 2/2
   676 | D:1      | Reached XP level 3. HP: 29/29 MP: 3/3
   993 | D:2      | Reached skill level 4 in Axes
  1188 | D:2      | Reached XP level 4. HP: 34/36 MP: 4/4
  1989 | D:3      | Found a snail-covered altar of Cheibriados.
  2073 | D:3      | Found a hide-covered altar of Uskayaw.
  2268 | D:3      | Reached skill level 5 in Axes
  2268 | D:3      | Reached XP level 5. HP: 39/42 MP: 5/5
  2317 | D:3      | Found a sacrificial altar of Ru.
  2614 | D:4      | Noticed an ogre
  2694 | D:4      | Noticed an ogre
  2879 | D:4      | Reached XP level 6. HP: 9/51 MP: 6/6
  3085 | D:5      | Entered Level 5 of the Dungeon
  3092 | D:4      | Reached skill level 6 in Axes
  3138 | D:4      | Reached XP level 7. HP: 20/59 MP: 7/7
  3588 | D:4      | Reached skill level 7 in Axes
  3610 | D:4      | Found a broken altar of Ashenzari.
  3933 | D:5      | Noticed a yak
  3934 | D:5      | Noticed a yak
  4054 | D:4      | Reached skill level 5 in Fighting
  4228 | D:5      | Reached XP level 8. HP: 67/68 MP: 8/8
  4256 | D:5      | Reached skill level 1 in Armour
  4487 | D:5      | Found a burning altar of Makhleb.
  4496 | D:5      | Became a worshipper of Makhleb the Destroyer
  4501 | D:5      | Found a staircase to the Ecumenical Temple.
  4576 | D:6      | Reached skill level 8 in Axes
  4717 | D:5      | Noticed a yak
  4740 | D:4      | Killed a yak
  4827 | D:5      | Killed a yak
  4972 | D:5      | Reached skill level 9 in Axes
  5086 | D:5      | Killed a yak
  5087 | D:5      | Reached XP level 9. HP: 62/74 MP: 9/9
  5471 | D:6      | Reached * piety under Makhleb
  5561 | D:6      | Found the +1 Delatra's gloves {ID++}
  5741 | D:6      | Reached skill level 10 in Axes
  6345 | D:7      | Reached skill level 5 in Armour
  6516 | D:7      | Found an opulent altar of Gozag.
  6935 | D:7      | Reached XP level 10. HP: 62/81 MP: 8/10
  7025 | D:7      | Reached skill level 11 in Axes
  7226 | D:8      | Noticed Maggie
  7578 | D:8      | Reached skill level 12 in Axes
  8234 | D:9      | Found a hazy altar of Hepliaklqana.
  8240 | D:9      | Found a shadowy altar of Dithmenos.
  8246 | D:9      | Found a basalt altar of Yredelemnul.
  8285 | D:9      | Found a staircase to the Lair.
  8431 | D:10     | Entered Level 10 of the Dungeon
  8702 | D:10     | Reached XP level 11. HP: 74/86 MP: 8/11
  8922 | D:10     | Reached ** piety under Makhleb
  8982 | D:10     | Reached skill level 13 in Axes
  9387 | D:10     | Found Tocroh's Gadget Gallery.
  9396 | D:10     | Bought a phial of floods for 400 gold pieces
  9450 | D:10     | Noticed a cyclops
  9503 | D:10     | Killed a cyclops
  9607 | D:10     | Found a staircase to the Orcish Mines.
 10252 | D:11     | Noticed a cyclops
 10258 | D:11     | Killed a cyclops
 11062 | D:11     | Noticed a boulder beetle
 11137 | D:11     | Killed a boulder beetle
 11427 | D:11     | Reached skill level 14 in Axes
 11676 | D:12     | Noticed a manticore
 11746 | Orc:1    | Entered Level 1 of the Orcish Mines
 11746 | Orc:1    | Found Deurgh's Armour Shop.
 11785 | Orc:1    | Reached *** piety under Makhleb
 11906 | Orc:1    | Found a roughly hewn altar of Beogh.
 12048 | Orc:2    | Entered Level 2 of the Orcish Mines
 12343 | Orc:2    | Noticed a two-headed ogre
 12345 | Orc:2    | Noticed a two-headed ogre
 12347 | Orc:2    | Noticed an ogre mage
 12348 | Orc:2    | Noticed a two-headed ogre
 12425 | Lair:1   | Entered Level 1 of the Lair of Beasts
 12433 | Lair:1   | Noticed Amaemon
 12449 | D:9      | Reached XP level 12. HP: 80/94 MP: 8/12
 12475 | D:9      | Killed Amaemon
 12815 | Lair:1   | Reached skill level 15 in Axes
 13379 | Lair:2   | Found a hole to the Spider Nest.
 13533 | Lair:1   | Reached **** piety under Makhleb
 13595 | Lair:2   | Identified the +6 quarterstaff "Hymn" {flame, rElec rPois
                  | rN+}
 13608 | Lair:2   | Noticed an eight-headed hydra
 13649 | Lair:2   | Noticed a skyshark
 13657 | Lair:2   | Killed a skyshark
 13734 | Lair:2   | Found an opulent altar of Gozag.
 14346 | Lair:2   | Reached skill level 16 in Axes
 14413 | D:8      | Killed Maggie
 14414 | D:8      | Reached skill level 1 in Invocations
 14621 | D:8      | Found Baonunil's Jewellery Boutique.
 14639 | D:8      | Found a radiant altar of Vehumet.
 14783 | D:8      | Found Qezxyomo's Magic Scroll Boutique.
 14791 | D:8      | Bought a scroll of teleportation for 42 gold pieces
 14791 | D:8      | Bought a scroll of identify for 28 gold pieces
 14791 | D:8      | Bought a scroll of identify for 28 gold pieces
 15079 | Lair:2   | Reached XP level 13. HP: 105/108 MP: 12/14
 15437 | Lair:3   | Found a frozen archway.
 15456 | Lair:3   | Reached ***** piety under Makhleb
 15472 | IceCv    | Entered an ice cave
 16201 | IceCv    | Reached skill level 17 in Axes
 16524 | IceCv    | Reached skill level 10 in Armour
 16621 | IceCv    | Identified the ring "Debetuin" {+Blink rC+ MP+9 Str-2
                  | Dex+3}
 16966 | Lair:3   | Reached skill level 1 in Shields
 17264 | Lair:3   | Reached XP level 14. HP: 118/118 MP: 15/15
 17509 | Lair:3   | Found a staircase to the Swamp.
 17510 | Lair:3   | You fall into a shaft and drop 2 floors!
 17510 | Lair:5   | Entered Level 5 of the Lair of Beasts
 17706 | Lair:5   | Reached skill level 18 in Axes
 18088 | Lair:5   | Identified the staff "Grom" {Will+ Dex+3 Earth}
 18449 | Lair:5   | Reached skill level 5 in Shields
 18506 | Lair:5   | Reached skill level 10 in Fighting
 18643 | Lair:5   | Reached ****** piety under Makhleb
 18805 | Lair:5   | Reached skill level 5 in Invocations
 18825 | Lair:5   | Found a staircase to the Slime Pits.
 19648 | Lair:5   | Got the Incunable of Damage
 19985 | Lair:4   | Reached XP level 15. HP: 124/129 MP: 17/19
 20255 | Lair:4   | Noticed Snorg
 20275 | Lair:4   | Killed Snorg
 22314 | Orc:2    | Paralysed by an ogre mage for 2 turns
 22696 | Orc:2    | Paralysed by an ogre mage for 3 turns
 22952 | Orc:2    | Found Cydiluig's Antique Armour Boutique.
 22952 | Orc:2    | Found Soblumn's Magic Scroll Shoppe.
 22953 | Orc:2    | Found Nohurgh's Book Emporium.
 22953 | Orc:2    | Found Hejisyda's Jewellery Boutique.
 23002 | Orc:2    | Bought a scroll of fog for 44 gold pieces
 23002 | Orc:2    | Bought a scroll of teleportation for 33 gold pieces
 23007 | Orc:2    | Found a staircase to the Elven Halls.
 23617 | Orc:2    | Bought an embroidered cloak for 210 gold pieces
 24281 | D:12     | Identified the +5 flail "Imnypp" {venom, rElec rN++}
 24329 | D:12     | Identified the granite talisman "Qyfiuloq" {Str+5 Dex-4}
 24681 | D:13     | Reached XP level 16. HP: 113/143 MP: 17/23
 24944 | D:13     | Reached skill level 10 in Invocations
 24957 | D:13     | Found a gate to the Vaults.
 25340 | D:13     | Noticed Azrael
 25642 | D:13     | Killed Azrael
 26004 | D:14     | Identified the +0 pair of boots of Indomitability {Harm}
 26477 | D:14     | Found a sparkling altar of Nemelex Xobeh.
 26577 | D:15     | Entered Level 15 of the Dungeon
 26898 | D:15     | Found a burning altar of Makhleb.
 26900 | D:15     | Found a basalt altar of Yredelemnul.
 27153 | D:15     | Found a staircase to the Depths.
 27351 | D:15     | Found a sparkling altar of Nemelex Xobeh.
 27932 | D:15     | Found the +3 Mad Mage's Maulers {Infuse+∞ VampMP -Cast}
 28058 | D:15     | Reached skill level 15 in Fighting
 28550 | D:15     | Reached XP level 17. HP: 143/156 MP: 21/25
 28808 | D:15     | Noticed a sphinx
 28840 | D:15     | Killed a sphinx
 28841 | D:15     | Reached skill level 1 in Evocations
 29183 | D:15     | Noticed Nessos
 29677 | D:15     | Identified the +9 rapier "Besafoed" {flame, rF- rN+ Int+3}
 29677 | D:15     | Identified the amulet of Zuiguph {*Corrode rC+ RegenMP+
                  | Dex+4 Slay+3}
 29691 | D:15     | Mangled by a fire giant

Illustrated notes

Levels and vault maps discovered:
D:1:      dpeg_arrival_arbitrary_b, layout_basic
D:2:      layout_loops_ring, nicolae_grassy_gnolls
D:3:      layout_basic, hangedman_ru_absence, nicolae_uskayaw_dance_hall,
          cheibriados_altar_1
D:4:      layout_loops_ring, kennysheep_mini_moat, minmay_ogre_servants
D:5:      layout_cave_pools, makhleb_heckhound_becter, minmay_temple_entry_hall
D:6:      layout_basic, pf_guarded_unrand_delatra
D:7:      layout_rooms, grunt_gozag_breadcrumbs
D:8:      layout_loops_ring, fiery_altar_vehumet, serial_shops, shop,
          st_stairs_12, chequers_hall_statues_wall_a, small_statue_alley_b,
          minmay_shop_enchanted_jewellery, fountainhead, uniq_maggie
D:9:      layout_rooms, tso_metal_star, minmay_overflow_temple_star_quad,
          hellmonk_lair_entry_icy, nicolae_figureground_sparkle
D:10:     layout_long_grid, mainiacjoe_overflow_surrounded_room, erik_orc_3,
          nicolae_shop_gadgets
D:11:     layout_stronghold, serial_bayou, serial_bayou_lake_a,
          serial_bayou_pond_a, serial_bayou_ford_a, serial_bayou_lagoon_b
D:12:     gargoyle_guard, layout_cave_pools
D:13:     layout_long_grid, david_vaults_2, minmay_crystal_room,
          hangedman_decor_opposing, uniq_azrael
D:14:     layout_roguey, lemuel_doored_altar
D:15:     hangedman_slaughterboxes, uniq_nessos
Lair:1:   layout_regular_city, lemuel_fruit_fields, uniq_amaemon
Lair:2:   layout_cave_pods, hellmonk_spider_entry_not_the_bees, basic_altar,
          lemuel_fruit_tree
Lair:3:   regret_index_harrowing_hell_hive, layout_layer_cave,
          minmay_swamp_entry_worms, portal_ice_cave_entry_ice_simulacra,
          st_stairs_8, grunt_megastairs_3
Lair:4:   layout_loops_ring, kennysheep_catoblepas_arena,
          infiniplex_staircase_pool_2, grunt_megastairs_5, uniq_snorg
Lair:5:   grunt_lair_end_beastmaster, layout_long_grid,
          minmay_slime_entry_jelly_boxes, lemuel_fruit_fields
Orc:1:    layout_caves, serial_shops, nicolae_shop_tiny_glass, basic_altar
Orc:2:    st_orc_ogre_mass, layout_caves

Skill      XL: |  1  2  3  4  5  6  7  8  9 10 11 12 13 14 15 16 17 |
---------------+----------------------------------------------------+-----
Axes           | 3 4 5 6 7 9 10 12 14 16 17 18 | 18.0
Fighting       | 3 4 5 8 9 11 13 15 | 15.0
Armour         | 3 5 7 9 10 12 | 12.6
Invocations    | 1 6 9 11 | 11.0
Shields        | 2 6 8 9 |  9.4
Evocations     | 2 |  2.4
Throwing       | |  1.7
Dodging        | |  2.6

Action                     |  1- 3 |  4- 6 |  7- 9 | 10-12 | 13-15 | 16-18 || total
---------------------------+-------+-------+-------+-------+-------+-------++-------
  Melee: War axe           |    77 |   150 |   380 |   740 |       |       ||  1347
         Broad axe         |       |       |       |    16 |  1337 |   691 ||  2044
  Throw: Throwing net      |       |     4 |     2 |     1 |       |       ||     7
 Invoke: Lesser Servant of |       |       |       |       |     4 |       ||     4
         Greater Servant o |       |       |       |       |       |     4 ||     4
  Evoke: Wand              |       |       |     3 |    23 |     4 |     8 ||    38
         Phial of floods   |       |       |       |     1 |       |     1 ||     2
         Phantom mirror    |       |       |       |       |     1 |     1 ||     2
    Use: Scroll            |       |       |       |    25 |     9 |     5 ||    39
         Potion            |       |       |       |     1 |     3 |     9 ||    13
   Stab: Held in net/web   |       |     2 |       |       |       |       ||     2
         Distracted        |       |       |       |     8 |     3 |     3 ||    14
         Invisible         |       |       |       |       |     1 |       ||     1
 Armour: Leather armour    |    58 |    47 |       |       |       |       ||   105
         Chain mail        |       |    77 |   246 |    60 |       |       ||   383
         Ring mail         |       |     3 |       |       |       |       ||     3
         Acid dragon scale |       |       |       |   359 |   260 |   446 ||  1065
         Plate armour      |       |       |       |       |   549 |       ||   549
  Dodge: Dodged            |    51 |    95 |   224 |   541 |   806 |   402 ||  2119
  Block: Buckler           |       |       |       |       |   212 |   156 ||   368

Table legend: (Time is in decaauts)
 A = Elapsed time spent in this place.
 B = Non-inter-level travel time spent in this place.
 C = Inter-level travel time spent in this place.
 D = Time resting spent in this place.
 E = Time spent auto-exploring this place.
 F = Levels seen in this place.
 G = Mean time per level.
                   A        B        C        D        E       F      G
               +--------+--------+--------+--------+--------+-----+--------+
         Total |  29205 |  27965 |   1240 |    760 |  20772 |  23 | 1269.8 |
       Dungeon |  18398 |  17556 |    842 |    406 |  13354 |  15 | 1226.5 |
          Lair |   6929 |   6642 |    287 |    128 |   4848 |   5 | 1385.8 |
  Orcish Mines |   2494 |   2384 |    110 |    184 |   1726 |   2 | 1247.0 |
      Ice Cave |   1383 |   1383 |      0 |     41 |    843 |   1 | 1383.0 |
               +--------+--------+--------+--------+--------+-----+--------+

Top non-repeatable levels by time:
    D:15: 2978 daAuts
  Lair:5: 2113 daAuts
   Orc:1: 1874 daAuts
     D:4: 1704 daAuts
    D:11: 1698 daAuts
     D:9: 1533 daAuts
  Lair:2: 1486 daAuts
    D:10: 1481 daAuts
   IceCv: 1383 daAuts
  Lair:3: 1361 daAuts
     D:6: 1197 daAuts
    D:13: 1143 daAuts
  Lair:1: 1083 daAuts
     D:1: 995 daAuts
    D:12: 967 daAuts
